Map: Emerald City LE

Players

Massa

  • Race: Terran Terran
  • League: Gold
  • Spawn Location: 11:00

qqq

  • Race: Zerg Zerg
  • League: Platinum
  • Spawn Location: 11:00

nOx

  • Race: Zerg Zerg
  • League: Diamond
  • Spawn Location: 5:00

Shadow

  • Race: Terran Terran
  • Spawn Location: 5:00

VOD

Have the link to the VOD?

Description

Time

  • Played on: May 28, 2020, 4:22 a.m.
  • Length: 10:31
Show
View Real Time Build Order
Export as new Build Order

Massa Terran 

Build Orders:  

Get SALT Encoding   

  12  0:11  Supply Depot  
  12  0:13  SCV  
  13  0:27  SCV  
  14  0:36  Barracks  
  14  0:40  SCV  
  15  0:52  SCV  
  16  1:04  SCV  
  17  1:16  SCV  
  18  1:28  SCV  
  19  1:40  SCV  
  19  1:45  Barracks  
  20  1:47  Marine  
  20  1:51  Command Center  
  20  1:53  SCV  
  22  2:12  Orbital Command  
  22  2:13  Marine  
  23  2:20  Refinery  
  23  2:23  Refinery  
  22  2:31  Marine  
  23  2:56  Supply Depot  
  23  3:02  SCV, Marine x2  
  26  3:12  Factory  
  26  3:15  SCV  
  26  3:18  Supply Depot  
  27  3:20  Marine x2  
  27  3:22  SCV  
  31  3:27  SCV  
  32  3:34  SCV  
  32  3:38  Marine x2  
  32  3:39  SCV  
  35  3:41  Supply Depot  
  35  3:45  Barracks  
  35  3:46  SCV  
  36  3:51  SCV  
  37  3:56  Factory Tech Lab, Marine  
  37  3:58  SCV  
  39  4:03  SCV  
  40  4:11  Orbital Command  
  40  4:16  Refinery  
  40  4:17  Siege Tank  
  40  4:19  Barracks Tech Lab  
  43  4:27  Barracks Reactor  
  43  4:29  Starport  
  43  4:30  Engineering Bay  
  43  4:38  Barracks Reactor  
  43  4:43  Marauder  
  45  4:49  Siege Tank  
  47  5:04  Marauder  
  49  5:10  Marine x2  
  49  5:12  SCV x2  
  53  5:23  Siege Tank  
  53  5:26  Marauder  
  53  5:27  Marine  
  53  5:28  Marine  
  60  5:33  Marine x2  
  62  5:42  Supply Depot  
  62  5:55  Missile Turret  
  62  6:03  SCV x2, Marine x3  
  69  6:04  Missile Turret  
  69  6:06  Supply Depot  
  69  6:08  Liberator  
  70  6:15  Missile Turret  
  70  6:26  Missile Turret, Combat Shield  
  70  6:27  Marine x5  
  70  6:28  SCV x2  
  70  6:29  Terran Infantry Weapons Level 1, Supply Depot  
  77  6:37  Refinery  
  77  6:40  SCV  
  78  6:49  Command Center  
  78  6:51  SCV, Marauder, Siege Tank  
  84  6:59  Medivac  
  86  7:45  Stimpack  
  85  8:01  Marauder  
  43  8:21  Marine x4  
  43  8:23  Terran Infantry Armor Level 1, Marauder  
  43  8:24  Siege Tank  
  52  8:29  Factory  
  52  8:31  Medivac  
  54  8:37  Armory  
  54  8:39  Marine x4  
  59  8:43  Orbital Command  
  59  8:44  SCV x2, Marauder  
  59  8:50  Barracks  
  59  8:56  SCV x2, Marine, Siege Tank  
  59  8:57  Marine x3  
  59  9:01  Medivac  
  70  9:05  Marauder  
  70  9:08  SCV  
  70  9:09  SCV  
  74  9:12  Factory Tech Lab  
  74  9:14  Marine x2  
  74  9:15  Marine x2  
  78  9:27  Marauder  
  78  9:28  Siege Tank  
  83  9:32  Marine x2  
  80  9:42  Marine x3  
  68  9:48  Marine  
  66  9:59  Marine x2  
  59  10:00  Marine x3  
Show
View Real Time Build Order
Export as new Build Order

qqq Zerg 

Build Orders: 3 Hatch before Pool 

Get SALT Encoding   

  12  0:05  Drone  
  13  0:09  Drone  
  14  0:53  Hatchery  
  13  1:10  Drone  
  14  1:12  Hatchery  
  13  1:25  Spawning Pool  
  13  1:32  Overlord  
  12  1:39  Drone  
  13  1:41  Drone  
  13  1:44  Extractor  
  13  1:48  Drone  
  14  1:58  Drone  
  15  2:07  Drone  
  16  2:12  Drone  
  16  2:14  Queen  
  19  2:23  Drone  
  19  2:26  Zergling x2  
  19  2:29  Drone  
  22  2:32  Drone  
  22  2:36  Drone  
  24  2:43  Metabolic Boost  
  24  2:46  Drone  
  24  2:49  Drone  
  26  2:52  Drone  
  26  2:55  Drone  
  28  3:00  Drone  
  28  3:01  Drone  
  28  3:04  Drone  
  31  3:12  Zergling x2  
  32  3:13  Overlord  
  32  3:18  Drone  
  34  3:20  Drone  
  34  3:24  Overlord  
  35  3:34  Zergling x8  
  35  3:36  Overlord  
  35  3:37  Drone  
  39  3:47  Drone, Baneling Nest  
  39  3:49  Drone x2  
  39  3:51  Drone x2  
  39  3:53  Zergling x2  
  44  4:01  Roach Warren  
  43  4:05  Lair  
  43  4:06  Drone  
  43  4:09  Drone  
  45  4:10  Drone  
  45  4:14  Drone x2  
  48  4:21  Spore Crawler  
  48  4:23  Spine Crawler  
  46  4:25  Spore Crawler  
  46  4:27  Spine Crawler  
  46  4:29  Drone x2  
  46  4:31  Drone  
  47  4:39  Zergling x6  
  47  4:42  Drone  
  47  4:43  Drone x2  
  53  4:49  Roach  
  55  4:53  Baneling  
  55  4:54  Baneling x6  
  55  5:04  Roach  
  55  5:06  Drone  
  58  5:07  Overlord x2  
  58  5:08  Overlord x2  
  58  5:15  Baneling  
  58  5:23  Extractor  
  58  5:27  Zergling x10  
  62  5:42  Zergling x2  
  63  5:44  Drone x4  
  63  5:45  Drone x2, Hatchery  
  68  5:52  Zergling x2  
  68  5:53  Hatchery  
  68  6:11  Drone x2  
  68  6:13  Drone x2  
  68  6:15  Extractor  
  68  6:16  Zergling x6  
  74  6:18  Centrifical Hooks  
  74  6:34  Zergling x4  
  74  6:35  Drone x2  
  74  6:36  Drone x2  
  80  6:50  Drone x2, Infestation Pit  
  80  6:51  Evolution Chamber  
  80  6:53  Hatchery  
  79  6:56  Evolution Chamber  
  79  6:57  Baneling x4  
  78  7:03  Hatchery  
  77  7:10  Hatchery  
  76  7:22  Spine Crawler  
  75  7:23  Spine Crawler  
  75  7:25  Spine Crawler  
  35  7:51  Drone  
  35  7:52  Drone x5  
  35  7:53  Roach x5  
  35  7:54  Roach x4  
  54  7:59  Spine Crawler  
  54  8:01  Spine Crawler  
  54  8:03  Spine Crawler  
  54  8:04  Spine Crawler  
  54  8:05  Drone x3, Spine Crawler  
  52  8:07  Roach x2  
  52  8:10  Zerg Melee Weapons Level 1  
  56  8:14  Hive  
  56  8:21  Spine Crawler x2  
  54  8:30  Extractor, Drone  
  54  8:31  Drone x4  
  51  8:36  Drone  
  51  8:37  Drone  
  51  8:39  Drone  
  50  8:57  Roach x2  
  50  8:58  Roach x3  
  61  9:04  Spine Crawler  
  61  9:07  Spine Crawler  
  37  9:17  Spine Crawler  
  37  9:18  Roach x2  
  37  9:23  Drone  
  37  9:24  Drone x3  
  41  9:38  Spine Crawler  
  41  9:39  Drone x2  
  41  9:40  Drone  
  41  9:45  Spine Crawler  
  42  9:47  Roach  
  27  10:07  Roach x3  
  33  10:25  Spine Crawler  
  33  10:26  Spine Crawler  
  30  10:29  Ultralisk Cavern  
Show
View Real Time Build Order
Export as new Build Order

nOx Zerg 

Build Orders: Hatch First, Roach Hydra 

Get SALT Encoding   

  12  0:01  Drone  
  13  0:12  Overlord  
  13  0:17  Drone  
  14  0:30  Drone x2  
  14  0:34  Drone  
  17  0:55  Hatchery, Drone  
  17  1:01  Drone  
  18  1:12  Spawning Pool  
  18  1:14  Drone  
  18  1:21  Drone  
  19  1:27  Drone  
  20  1:38  Overlord  
  20  1:46  Extractor  
  19  1:50  Drone  
  20  1:58  Queen  
  23  2:01  Drone  
  23  2:07  Queen  
  25  2:09  Drone  
  25  2:11  Drone  
  27  2:18  Roach Warren  
  27  2:19  Extractor  
  25  2:25  Drone  
  25  2:28  Drone  
  27  2:31  Drone  
  27  2:33  Drone  
  29  2:41  Drone  
  29  2:43  Drone, Queen  
  33  2:50  Drone  
  34  2:59  Drone  
  34  3:01  Drone  
  36  3:13  Overlord x3  
  36  3:28  Lair  
  36  3:33  Evolution Chamber  
  35  3:38  Roach x3  
  35  3:39  Roach x3  
  47  3:45  Spine Crawler  
  46  3:51  Drone x4  
  50  3:59  Drone x2, Zerg Missile Weapons Level 1  
  50  4:00  Drone  
  53  4:03  Drone  
  54  4:10  Queen  
  56  4:29  Glial Reconstitution  
  56  4:38  Drone  
  56  4:39  Drone x3  
  56  4:41  Hatchery  
  56  4:42  Extractor  
  56  4:44  Extractor  
  57  4:45  Queen  
  59  5:28  Drone  
  60  5:29  Overlord  
  60  5:30  Overlord x3  
  60  5:40  Hydralisk Den  
  60  5:41  Infestation Pit  
  58  5:50  Roach x2  
  58  5:51  Roach x5  
  72  5:58  Drone x2  
  72  6:01  Hatchery  
  73  6:04  Drone  
  73  6:05  Drone x2  
  76  6:19  Drone x5  
  76  6:20  Drone  
  82  6:32  Hydralisk  
  82  6:33  Hydralisk x5  
  82  6:36  Muscular Augments  
  94  6:40  Zerg Missile Weapons Level 2  
  94  6:51  Hydralisk x2  
  98  6:55  Overlord x2  
  98  6:57  Overlord  
  98  7:00  Overlord  
  98  7:02  Overseer  
  98  7:13  Hydralisk  
  98  7:14  Hydralisk x3  
  106  7:26  Roach  
  106  7:27  Roach x4  
  118  7:37  Roach x4  
  124  7:47  Grooved Spines  
  124  7:50  Hydralisk  
  124  7:51  Hydralisk x4  
  126  7:54  Roach  
  128  7:59  Roach  
  128  8:00  Roach  
  122  8:09  Roach x4  
  122  8:10  Roach  
  128  8:13  Roach  
  128  8:19  Drone  
  132  8:20  Drone x4  
  133  8:33  Roach  
  135  8:38  Overlord  
  135  8:39  Overlord x4  
  131  8:50  Roach x2  
  131  8:51  Roach  
  131  8:53  Overlord x2  
  131  8:54  Overlord  
  135  9:02  Roach  
  133  9:03  Roach x4  
  133  9:05  Roach  
  133  9:09  Roach x2  
  139  9:22  Hydralisk  
  139  9:23  Hydralisk x4  
  141  9:41  Roach x3  
  141  9:42  Roach x6  
  143  9:47  Roach x3  
  145  9:53  Roach  
  145  9:54  Roach x2  
  145  10:02  Roach  
  145  10:03  Roach x4  
  161  10:30  Hatchery  
Show
View Real Time Build Order
Export as new Build Order

Shadow Terran 

Build Orders: 2 Factory 

Get SALT Encoding   

  12  0:00  SCV  
  13  0:13  SCV  
  14  0:18  Supply Depot  
  14  0:25  SCV  
  15  0:31  Refinery  
  15  0:42  Barracks  
  15  0:45  SCV  
  16  0:57  SCV  
  17  1:09  SCV  
  18  1:11  Barracks  
  18  1:21  SCV  
  18  1:23  Supply Depot  
  19  1:29  Refinery  
  19  1:32  Marine  
  20  1:47  Factory  
  20  1:53  Marine  
  21  1:55  SCV  
  21  2:00  Marine  
  23  2:15  Bunker, Marine  
  23  2:18  Marine  
  25  2:23  Orbital Command  
  25  2:30  Widow Mine  
  27  2:39  Marine  
  28  2:48  Supply Depot  
  28  2:51  Widow Mine, Marine  
  31  3:01  Supply Depot  
  31  3:10  SCV  
  31  3:11  Factory  
  32  3:34  Command Center  
  32  3:37  SCV  
  33  3:44  Barracks Tech Lab  
  33  3:46  Factory Reactor  
  33  3:49  SCV  
  34  3:57  Marine  
  34  3:59  Factory Tech Lab  
  35  4:03  SCV  
  36  4:10  Marine, Stimpack  
  36  4:14  Marine  
  38  4:28  Marine  
  39  4:32  Widow Mine x2, Marine  
  39  4:36  Siege Tank  
  47  4:47  Refinery  
  47  4:49  Orbital Command  
  47  4:51  SCV  
  45  5:03  SCV  
  43  5:10  Barracks Reactor  
  43  5:11  Marine  
  43  5:13  Widow Mine  
  43  5:14  Widow Mine  
  48  5:15  SCV  
  48  5:16  Siege Tank  
  52  5:23  SCV  
  52  5:27  SCV  
  54  5:29  Marine  
  55  5:36  Engineering Bay  
  55  5:40  Starport  
  55  5:51  SCV  
  55  5:52  SCV  
  55  5:53  Refinery  
  57  6:00  Marine, Supply Depot  
  57  6:01  Marine  
  57  6:03  SCV, Combat Shield  
  57  6:04  SCV  
  61  6:12  Missile Turret  
  61  6:16  SCV  
  62  6:22  SCV  
  62  6:24  Armory  
  63  6:27  Supply Depot  
  63  6:29  Supply Depot  
  63  6:30  Supply Depot  
  63  6:33  Siege Tank  
  63  6:37  Marine x2  
  68  6:42  SCV x2  
  70  7:02  SCV x2  
  72  7:14  SCV x2  
  73  7:26  SCV x2  
  51  8:12  Marine  
  51  8:13  Marine x2  
  51  8:15  Siege Tank  
  51  8:16  Hellion x2  
  61  8:25  Medivac  
  60  8:29  Barracks  
  60  8:30  Marine x2  
  60  8:31  Barracks, Factory  
  56  8:37  Hellion x2  
  55  8:45  SCV x2  
  55  8:47  Siege Tank  
  60  8:55  Marauder, Medivac  
  64  8:56  Marine x2  
  64  8:57  SCV x2  
  64  8:59  Hellion x2  
  72  9:04  Infernal Pre-Igniter  
  72  9:09  SCV x2  
  74  9:14  Marine x2  
  74  9:16  Marauder  
  78  9:19  Siege Tank  
  78  9:20  Hellion  
  83  9:25  Medivac  
  83  9:27  Marine x2  
  87  9:32  Marine x2  
  87  9:38  Marauder, Supply Depot  
  91  9:39  Factory Tech Lab  
  91  9:40  Supply Depot  
  91  9:45  Marine x2  
  92  9:50  Marine x2  
  93  9:59  Siege Tank  
  98  10:00  Marauder  
  98  10:03  Marine x2, Supply Depot  
  100  10:07  Marine  
  100  10:08  Marine  
  105  10:26  Command Center  
Tags
 
Add a new tag
Caveats
  • Supply blocks, unpowered buildings, or Contaminate may cause inaccurate times.
  • Supply counts are checked every 10 seconds.